Cogmind - Beta 13 @@@ ROGUE MODE // 2024.04.12 @ 14:51:18 Player: Bearly Playable Result: Self-destructed Performance ------------- Evolutions (1) 500 Regions Visited (2) 400 Robots Destroyed (10) 50 Value Destroyed (248) 248 Prototype IDs (0) 0 Alien Tech Used (0) 0 Bonus (0) 0 TOTAL SCORE: 1198 Bonus ------- None Cogmind --------- Core Integrity 165/400 Matter 300/300 Energy 61/100 System Corruption 1% Temperature Cool (6) Movement Core (100) Ox1 Location -9/Materials Parts ------- > --- POWER (1) -------- (None) > --- PROPULSION (2) --- (None) > --- UTILITY (3) ------ Small Storage Unit Hacking Suite > --- WEAPON (3) ------- (None) > --- INVENTORY (8) ---- Aluminum Leg Peak State ------------ > --- POWER ------------ Light Ion Engine > --- PROPULSION ------- Aluminum Leg Aluminum Leg > --- UTILITY ---------- Small Storage Unit ECM Suite Hacking Suite > --- WEAPON ----------- Small Laser Assault Rifle > --- INVENTORY -------- Aluminum Leg [Rating: 10] Favorites ----------- Power Ion Engine Engine Ion Engine Propulsion Aluminum Leg Leg Aluminum Leg Utility Small Storage Unit Device ECM Suite Storage Small Storage Unit Hackware Hacking Suite Weapon Small Laser Energy Gun Small Laser Ballistic Gun Assault Rifle Build | -11 -10 -9 ------- Run | Yrd Mat Mat Slots Evolved 2 | . . 2 Power . | . . . Propulsion . | . . . Utility 1 | . . 1 Weapon 1 | . . 1 Parts Attached 11 | 7 2 2 Power 3 | 2 1 . Engine 3 | 2 1 . Core . | . . . Reactor . | . . . Propulsion 2 | 2 . . Treads . | . . . Leg 2 | 2 . . Wheel . | . . . Hover . | . . . Flight . | . . . Utility 3 | 1 1 1 Device 1 | . 1 . Storage 1 | 1 . . Processor . | . . . Hackware 1 | . . 1 Protection . | . . . Artifact . | . . . Weapon 3 | 2 . 1 Energy Gun 1 | 1 . . Energy Cannon . | . . . Ballistic Gun 2 | 1 . 1 Ballistic Cannon . | . . . Launcher . | . . . Special Weapon . | . . . Impact Weapon . | . . . Slashing Weapon . | . . . Piercing Weapon . | . . . Special Melee Weapon . | . . . Unidentified Prototypes . | . . . Parts Lost 8 | . 1 7 Power 2 | . 1 1 Propulsion 2 | . . 2 Utility 1 | . . 1 Weapon 3 | . . 3 Highest Loss Streak 3 | . 1 3 To Critical Strikes . | . . . Average Slot Usage (%) 85 | . 99 59 Engine 11 | . 14 7 Leg 22 | . 28 12 Device 12 | . 13 10 Storage 12 | . 14 11 Hackware 3 | . . 11 Energy Gun 10 | . 14 2 Ballistic Gun 10 | . 14 4 Naked Turns . | . . . Heaviest Build 15 | 13 15 13 Greatest Support 20 | 20 20 20 Greatest Overweight (x) 2 | 2 . 1 Average Overweight (x) . | . . . Largest Inventory Capacity 8 | 8 8 8 Average Capacity 7 | 7 8 8 Most Carried 2 | 1 2 1 Average Carried 1 | . 1 1 Final Capacity 8 | 8 8 8 Final Carried 2 | 1 2 1 Class Distribution -------------------- 100% | Mutant Dominant Class ---------------- Mutant | -10/Materials Mutant | -9/Materials Resources | -11 -10 -9 ----------- Run | Yrd Mat Mat Matter Collected 380 | 234 134 12 Remotely . | . . . Salvage Created 309 | . 256 53 Parts 19 | . 13 6 Haulers Intercepted . | . . . Recyclers Shooed 1 | . . 1 Parts Field Recycled . | . . . Retrieved Matter . | . . . Parts Self-Destructed . | . . . Prevented . | . . . Kills | -11 -10 -9 ------- Run | Yrd Mat Mat Combat Hostiles Destroyed 8 | . 4 4 Melee 3 | . . 3 Guns 5 | . 4 1 Classes Destroyed 4 | . 3 1 Recycler 1 | . 1 . Operator 1 | . 1 . Swarmer 3 | . . 3 Grunt 5 | . 4 1 Best Kill Streak 2 | . 2 2 Combat Bots Only 2 | . 1 2 Max Kills in Single Turn 2 | . 2 1 Gunslinging . | . . . Exploded . | . . . Melee 1 | . . 1 Uniques/NPCs Destroyed . | . . . Combat | -11 -10 -9 -------- Run | Yrd Mat Mat Hostile Shots Fired 126 | . 54 72 Missed 34 | . 16 18 Damage Taken 1005 | . 455 550 Core 363 | . 128 235 Absorbed by Shields . | . . . Core Remaining (%) 74 | 100 48 . Volleys Fired 55 | . 35 20 Largest 2 | . 2 2 Hottest 60 | . 60 60 Shots Fired 93 | . 69 24 Gun 93 | . 69 24 Cannon . | . . . Launcher . | . . . Special . | . . . Kinetic 53 | . 35 18 Thermal 40 | . 34 6 Explosive . | . . . Electromagnetic . | . . . Robot Hit Streak 7 | . 7 6 Robot Miss Streak 6 | . 6 4 Penetration Max . | . . . Secondary Targets 1 | . 1 . Max Gunslinging Chain 1 | . 1 . Shots Hit Robots 48 | . 33 15 Core Hits 32 | . 15 17 Critical Kills . | . . . Critical Parts Destroyed . | . . . Critical Strikes . | . . . Melee Attacks . | . . . Impact . | . . . Slashing . | . . . Piercing . | . . . Sneak Attacks . | . . . Combat Hostiles . | . . . Follow-up Attacks . | . . . Damage Inflicted 656 | 6 441 209 Guns 568 | . 427 141 Cannons . | . . . Explosions . | . . . Melee . | . . . Ramming 88 | 6 14 68 Kinetic 340 | . 232 108 Thermal 228 | . 195 33 Explosive . | . . . Electromagnetic . | . . . Impact . | . . . Slashing . | . . . Piercing . | . . . Highest Corruption 1 | . . 1 Average Corruption 1 | . . 1 Corruption Purged . | . . . Corruption Blocked . | . . . Overload Shots . | . . . Overflow Damage . | . . . Projectiles . | . . . Explosions . | . . . Melee . | . . . Knockbacks . | . . . Impact . | . . . Kinetic . | . . . Secondary . | . . . Self-Inflicted Damage 3 | . . 3 Shots . | . . . Rammed 2 | . . 2 Targets Rammed 37 | 2 2 33 Kicked 35 | 2 2 31 Crushed . | . . . Highest Temperature 54 | . 54 1 Average Temperature 24 | . 26 1 Received Heat Transfer 432 | . 255 177 Siege Activations . | . . . Robots Corrupted . | . . . Combat Hostiles . | . . . Parts Fried . | . . . Impact Corruptions . | . . . Robots Melted . | . . . Combat Hostiles . | . . . Parts Melted . | . . . Heat Transferred 525 | . 450 75 Parts Sabotaged . | . . . Parts Stolen . | . . . Parts Stripped . | . . . Power Chain Reactions . | . . . Alert | -11 -10 -9 ------- Run | Yrd Mat Mat Peak Influence 106 | . 106 80 Initial 16 | . . 16 Average 40 | . 51 36 Maximum Alert Level . | . . . Low Security (%) 100 | 100 100 100 Level 1 . | . . . Level 2 . | . . . Level 3 . | . . . Level 4 . | . . . Level 5 . | . . . High Security . | . . . Max Security . | . . . Squads Dispatched 3 | . 3 . Investigation 2 | . 2 . Extermination . | . . . Reinforcement 1 | . 1 . Assault . | . . . Garrison . | . . . Intercept . | . . . Searches Triggered . | . . . Construction Impeded . | . . . Haulers Reinforced . | . . . Active Scanning Responses . | . . . Cargo Convoy Interrupts . | . . . Stealth | -11 -10 -9 --------- Run | Yrd Mat Mat Distress Signals 2 | . 2 . Communications Jammed . | . . . Distress Signals . | . . . Times Spotted 34 | . 18 16 Peak Tracking Total 6 | . 3 6 Tactical Retreats 10 | . 5 5 Traps | -11 -10 -9 ------- Run | Yrd Mat Mat Traps Triggered 2 | . 2 . Indirectly . | . . . Trap Hack Attempts . | . . . Triggered . | . . . Disarmed . | . . . Reprogrammed . | . . . Reused . | . . . Traps Extracted . | . . . Installed . | . . . Triggered . | . . . Machines | -11 -10 -9 ---------- Run | Yrd Mat Mat Machines Disabled . | . . . Max in Single Turn . | . . . Machines Repaired . | . . . Machines Dismantled . | . . . Machines Sabotaged . | . . . Overloaded Fab Kills . | . . . Hacking | -11 -10 -9 --------- Run | Yrd Mat Mat Machines Accessed 3 | . 3 . Terminals 2 | . 2 . Fabricators . | . . . Repair Stations . | . . . Recycling Units 1 | . 1 . Scanalyzers . | . . . Garrison Access . | . . . Total Hacks 11 | . 11 . Successful 7 | . 7 . Failed 4 | . 4 . Catastrophic . | . . . Database Lockouts . | . . . Manual . | . . . Terminals 8 | . 8 . Fabricators . | . . . Repair Stations . | . . . Recycling Units 3 | . 3 . Scanalyzers . | . . . Garrison Access . | . . . Terminal Hacks 4 | . 4 . Locate Traps 2 | . 2 . Maintenance Status 1 | . 1 . Zone Layout 1 | . 1 . Fabricator Hacks . | . . . Repair Station Hacks . | . . . Recycling Unit Hacks 3 | . 3 . Process 1 | . 1 . Report Inventory 1 | . 1 . Retrieve Components 1 | . 1 . Scanalyzer . | . . . Garrison Access Hacks . | . . . Unauthorized Hacks . | . . . Terminals . | . . . Fabricators . | . . . Repair Stations . | . . . Recycling Units . | . . . Scanalyzers . | . . . Garrison Access . | . . . Data Cores Recovered . | . . . Used . | . . . Hacking Detections 1 | . 1 . Full Trace Events . | . . . Feedback Events . | . . . Feedback Blocked . | . . . Robot Schematics Acquired . | . . . Robots Built . | . . . Authchips . | . . . Time . | . . . Total Robot Build Rating . | . . . Part Schematics Acquired . | . . . Parts Built . | . . . Authchips . | . . . Time . | . . . Total Part Build Rating . | . . . Parts Repaired . | . . . Time . | . . . Parts Recycled . | . . . Recycled Matter 162 | . 162 . Retrieved Matter . | . . . Retrieved Components . | . . . Parts Scanalyzed . | . . . Part Schematics Acquired . | . . . Parts Damaged . | . . . Bothacking | -11 -10 -9 ------------ Run | Yrd Mat Mat Used RIF Installer . | . . . Robots Hacked . | . . . Non-combat . | . . . Combat . | . . . Robot Hacks Applied . | . . . Relay Couplers Released . | . . . Fabnet Peak Effective % . | . . . Robots Rewired . | . . . Allies Hacked . | . . . Hacks Repelled . | . . . Allies | -11 -10 -9 -------- Run | Yrd Mat Mat Total Allies . | . . . Largest Group . | . . . Highest-Rated Group . | . . . Highest-Rated Ally . | . . . Total Orders . | . . . Ally Attacks . | . . . Total Damage . | . . . Kills . | . . . Allies Corrupted . | . . . Allies Melted . | . . . Intel | -11 -10 -9 ------- Run | Yrd Mat Mat Robot Analysis Total . | . . . Derelict Logs Recovered . | . . . Drone Launches . | . . . Drone Recoveries . | . . . Exploration | -11 -10 -9 ------------- Run | Yrd Mat Mat Turns Passed 908 | 107 527 274 Spaces Moved 554 | 80 326 148 Core 36 | 27 . 9 Treads . | . . . Legs 518 | 53 326 139 Wheels . | . . . Hover . | . . . Flight . | . . . Fastest Speed 50 | 50 120 100 Average Speed 118 | 113 120 118 Slowest Speed 150 | 150 120 120 Overloaded Moves . | . . . Propulsion Burnouts . | . . . Robots Hopped . | . . . Cave-ins Triggered . | . . . Exploration Rate (%) 16 | 5 31 14 Regions Visited 2 Branch Regions . Pre-discovered Areas . | . . . Known Exits Taken . | . . . Unknown Exits Taken 2 | 1 1 . Scrap Searched . | . . . Spaces Dug . | . . . Terrain Destroyed . | . . . Melee . | . . . Projectile . | . . . AOE . | . . . Terrain Rammed . | . . . Walls Destroyed . | . . . Machines Disabled . | . . . Actions | -11 -10 -9 --------- Run | Yrd Mat Mat Total 699 | 92 392 215 Wait 42 | 4 26 12 Move 553 | 80 325 148 Hop . | . . . Pick Up 2 | . 2 . Fast Attach 8 | 6 1 1 Attach 2 | . 1 1 Detach . | . . . Swap 1 | 1 . . Drop . | . . . Fire 55 | . 35 20 Melee . | . . . Ram 2 | . . 2 Kick 34 | 1 2 31 Crush . | . . . Escape Stasis . | . . . Rewire . | . . . Trap . | . . . Miscellaneous . | . . . Route ------- -11/Scrapyard -10/Materials (discovered 2 exits: [*Mat x2]) -9/Materials (discovered 1 exit: [*Min]) History --------- Turn | Location | Event 14 | -11/Scrapyard | Discovered new exit (range 16) 108 | -11/Scrapyard | Entered Materials 316 | -10/Materials | Build established: Mutant 321 | -10/Materials | Discovered new exit (range 10) 407 | -10/Materials | Discovered new exit (range 16) 517 | -10/Materials | Core integrity fell below 50% 635 | -10/Materials | Entered another Materials area 635 | -9/Materials | Evolved 2 slots: Utility x1, Weapon x1 723 | -9/Materials | Lost 3 parts (1n2w) 770 | -9/Materials | Discovered new exit (range 16) 901 | -9/Materials | Core integrity fell below 50% 909 | -9/Materials | Self-destructed Last Messages --------------- K-01 Serf collects debris. T-07 Excavator is excavating. K-01 Serf cleans the Fusion Modulator. K-01 Serf collects debris. U-05 Engineer lays Concrete. Lgt. Ion Engine destroyed. Kicked S-10 Pest. Kicked S-10 Pest out of the way. S-10 Pest destroyed. Acquired Lgt. Assault Rifle. Acquired 8 matter. Acquired 4 matter. R-06 Scavenger collects Flight Unit. G-47 Trooper destroyed. Lgt. Assault Rifle destroyed. ECM Suite destroyed. Aluminum Leg destroyed. R-06 Scavenger collects Lgt. Nuclear Core. Slammed into R-06 Scavenger. Destabilizing: System corrupted (+1). Map ----- +----------------------------------------------------+ | ???????????????????????????????????????# #?????? | | ???????????????????????????????????????# #?????? | | ???????????????????????????????????????# #####?? | | ???????????????????????????????????????# #?? | | ???????????????????????????????????????# #?? | | ???????????????????????????????????????# #?? | | ???????????????????????????????????????## ######?? | | ????????????????????????????????????????# #??????? | | ????????????????????????????????????????# #??????? | | ????????????????????????????????????????# #??????? | | ????????????????????????????????????????# #??????? | | ?????????????????????????????##+######??# #??????? | | ????????????????????????###??? ??# #??????? | | ????????????????????????!!!???? ??# #??????? | | ???????????????????????? ?????? ??#%#??????? | | ???????????????????????? ???????# ??#%#??????? | | ????????????????????????# #???????# ###%###????? | | ????????????????????????# #???????# % ##???? | | ????????????????????????# #???????# % T#???? | | ????????????????????????# #???????# %%% ###### | | ????????????????????????# #???????# """ # | | ????????????????????????# #???????# """ # """ | | ???????????????????????## #####+### """ # """ | | ???????????????????????# =## ## # """ | | ???????????????????????# %m #T + """ | | ?????????????###########%@ ## ## """ # """ | | ?????????????# ! ! # g## ## """ # """ | | ?????????????# # ## ## """ # """ | | ?????????????# """"""" #r ## # # | | ?????????????+ """""""=+ % + + ###### | | ???????????????""""""" #% ## # """ """#?# | | ????????????????"""""" # ## # """ R"#?? | | ?????????????????""""" # ####+## """ """#?? | | ????????????????? # # # # | | ?????????????????####### # | | ???????????????????????# # # | | ???????????????????????### ####+####T## # # | | ????????????????????????# ? ?##### ##?#### | | ????????????????????????# # #???# #?????? | | ?????????????????????????# ## """ #???# #?????? | | ?????????????????????????? ?# """ #???# #?????? | | ????????????????????????????# """ #???# #?????? | | ????????????????????????????# #??? ?????? | | ????????????????????????????########??? ????? | | ?????????????????????????????????????? ????? | | ?????????????????????????????????????? < #???? | | ?????????????????????????????????????? #???? | | ??????????????????????????????????????"" ""#???? | | ???????????????????????????????????????"!!!"?????? | | ????????????????????????????????????????"""??????? | +----------------------------------------------------+ Best States ------------- Heat Dissipation 28 Energy Generation 10 Energy Capacity 250 Matter Stores 300 Matter Capacity 300 Sight Range 16 Terrain Scan Density 10 ECM Strength 1 Evasion (%) 55 Offensive Hacking 10 Item Schematics ----------------- None Robot Schematics ------------------ None Fabricated ------------ Nothing Alien Tech Used ----------------- None Achievements -------------- None Challenges ------------ None Game ------ Seed GreatCompactProtomatter Manual? 0 Play Time 00:11:01 Cumulative 2.3 hours Start 2024.04.12 @ 14:41:05 End 2024.04.12 @ 14:51:18 Sessions 1 Manual Loads 0 Difficulty Rogue Special Mode None Game No. 4 Rogue 4 Adventurer 0 Explorer 0 Win Type - Total 0 Types 0/0/0/0/0/0/0/0/0 Lore% 1 Gallery% 4 Achievement% 5 Wizard Run 0 Options --------- Layout 1 ASCII 0 Keyboard 0 Movement Arrows Keybinds 0 Fullscreen 1 Font 32/SmallcapsGlow Map View 77x35 Zoom Use 0% Tactical HUD 0 Map Filters NONE Filters NONE Steam 1 RUN: f58eea05-9c93-45ce-8f8d-9b65c35485e1